 Dungeon Sprint DCSS version 0.24-a0-537-g2d01d4a (webtiles) character file.

Game seed: 12937023001532567260

8859 Faca the Severer (level 11, -18/110 HPs)
             Began as a Hill Orc Fighter on Aug 17, 2019.
             Was the Champion of the Shining One.
             Demolished by an infernal blood saint
             ... wielding a cursed -1 dagger
              (23 damage)
             ... in the Dungeon (Sprint V: "Ziggurat Sprint").
             The game lasted 00:07:29 (1742 turns).

Faca the Severer (Hill Orc Fighter)                 Turns: 1742, Time: 00:07:29

Health: -18/110    AC: 15    Str: 35    XL:     11   Next: 37%
Magic:  6/22       EV:  9    Int:  8    God:    the Shining One [******]
Gold:   0          SH: 17    Dex: 10    Spells: 10/10 levels left

rFire    . . .     SeeInvis .   p - +5 broad axe
rCold    + . .     Gourm    .   o - +3 shield
rNeg     + + +     Faith    .   H - +3 chain mail {rC+}
rPois    .         Spirit   .   (no helmet)
rElec    .         Reflect  .   (no cloak)
rCorr    .         Harm     .   (no gloves)
MR       .....     NoTele   +   (no boots)
Stlth    ..........             (no amulet)
HPRegen  0.28/turn              K - +6 ring of strength
MPRegen  0.18/turn              L - +6 ring of strength

@: lethally poisoned (-18 -> -37), glowing, studying 3 skills
A: no striking features
a: Divine Shield, Cleansing Flame, Summon Divine Warrior, Renounce Religion


You were in the Dungeon.
You worshipped the Shining One.
The Shining One was exalted by your worship.
You were not hungry.

You visited 1 branch

Inventory:

Hand Weapons
 p - a +5 broad axe (weapon)
 q - a +7 trishula of holy wrath
 B - a +0 broad axe of freezing
Armour
 l - +5 gold dragon scales
 m - +5 storm dragon scales
 n - a +3 large shield
 o - a +3 shield (worn)
 H - a +3 chain mail of cold resistance (worn)
Jewellery
 b - a +3 ring of slaying
 c - an uncursed ring of protection from cold
 F - an uncursed ring of flight
 G - a +6 ring of dexterity
 J - a +6 ring of intelligence
 K - a +6 ring of strength (left hand)
 L - a +6 ring of strength (right hand)
 M - an uncursed ring of resist corrosion
 N - an uncursed ring of protection from fire
 Q - an uncursed ring of poison resistance
Wands
 y - a wand of disintegration (7)
 D - a wand of iceblast (7)
 E - a wand of acid (7)
Scrolls
 k - 4 scrolls of blinking
 r - 4 scrolls of amnesia
 s - 7 scrolls of fog
 t - a scroll of holy word
 u - 5 scrolls of identify
 v - 5 scrolls of remove curse
 w - 2 scrolls of fear
Potions
 d - 6 potions of might
 e - 10 potions of curing
 g - 7 potions of heal wounds
 h - 6 potions of haste
 i - 7 potions of magic
 j - 3 potions of berserk rage
 x - 2 potions of brilliance
 z - 2 potions of invisibility
 A - 4 potions of resistance
 C - 5 potions of agility
Books
 a - a manual of Polearms
 I - a manual of Throwing
 P - a manual of Axes
Comestibles
 f - 7 rations
 O - 10 chunks of flesh


   Skills:
 + Level 14.2 Fighting
 + Level 17.5 Axes
 + Level 13.2 Armour
 + Level 13.2 Shields
 + Level 14.9 Invocations


You had 10 spell levels left.
You didn't know any spells.
Your spell library contained the following spells:

 Spells                   Type           Power        Failure   Level  Hunger
 Corona                   Hex            #......      85%         1    ##.....
 Ensorcelled Hibernation  Hex/Ice        #.....       94%         2    ###....
 Confuse                  Hex            #.......     99%         3    ####...
 Dazzling Spray           Conj/Hex       #.....       99%         3    ####...
 Tukima's Dance           Hex            #.......     99%         3    ####...


Dungeon Overview and Level Annotations

Branches:
Dungeon (1/1)

Altars:
Ashenzari
Cheibriados
Dithmenos
Elyvilon
Fedhas
Gozag
Hepliaklqana
Kikubaaqudgha
Makhleb
Nemelex Xobeh
Okawaru
Qazlal
Ru
Sif Muna
Trog
Uskayaw
Vehumet
Wu Jian
Xom
Yredelemnul
Zin
The Shining One
Beogh
Jiyva
Lugonu

Annotations:
D 1 transporter


Message History

The golden flame engulfs the gelid demonspawn!!!
The gelid demonspawn writhes in agony!
The gelid demonspawn is severely wounded.
The golden flame engulfs the torturous blood saint!!!
The torturous blood saint writhes in agony!
The torturous blood saint is severely wounded.
The golden flame engulfs Pogesaoti.
Pogesaoti writhes in agony!
Pogesaoti is moderately wounded.
The golden flame engulfs the smoke demon!!!
The smoke demon writhes in agony!
You kill the smoke demon!
The Shining One accepts your kill.
You feel better.
You feel your power returning.
You feel somewhat more hungry.
You are engulfed in a cloud of scalding steam.
* * * LOW HITPOINT WARNING * * *
x2 You feel sick.
Atunix is lost in a daze.
The infernal blood saint hits you with a cursed -1 dagger!
* * * LOW HITPOINT WARNING * * *
You are engulfed in flames!!
You die...

▓▓▓▓▓▓▓▓▓▓▓▓▓▓▓▓▓▓▓
▓...8©8...▓...8©8...▓
▓...[):=..▓..})}):..▓
▓..[))§:..▓...[)})..▓
▓.....4G..▓.........▓
▓..2§.....▓.........▓
▓...66&§..▓.........▓
▓.....&...▓..÷.÷....▓
▓....6@&..▓.........▓
▓.▓.....▓.▓....©....▓
▓....©....▓▓▓▓▓▓▓▓▓▓▓
▓▓▓▓▓▓▓▓▓▓▓


You could see Atunix (dazed), Pogesaoti (dazed), Ranwesirye, a green death
(dazed), 2 demonspawn, a gelid demonspawn, an eye of draining and a chaos spawn.

Vanquished Creatures
  A deep elf demonologist (D)
  A deep elf death mage (D)
  A dancing weapon (D)
  4 spriggans (D)
  2 ugly things (D)
  A deep elf mage (D)
  A smoke demon (D)
  2 rime drakes (D)
  2 ice devils (D)
  2 polar bears (D)
  2 merfolk (D)
  2 hornets (D)
  A fire elemental (D)
  A naga (shapeshifter) (D)
  An orc warrior (D)
  A porcupine (D)
  An eye of draining (D)
  2 wolves (D)
  4 centaurs (D)
  3 earth elementals (D)
  A scorpion (shapeshifter) (D)
  A crimson imp (D)
  A jelly (D)
  4 orc priests (D)
  An iron imp (D)
  An orc wizard (D)
  3 iguanas (D)
  2 white imps (D)
  An adder simulacrum (D)
  4 orcs (D)
  A jackal (D)
  A bat simulacrum (D)
  A giant cockroach simulacrum (D)
57 creatures vanquished.

Vanquished Creatures (others)
  A neqoxec (D)
1 creature vanquished.

Grand Total: 58 creatures vanquished

Notes
Turn   | Place    | Note
-------+----------+-------------------------------------------
     0 | D        | Faca the Hill Orc Fighter began the quest for the Orb.
     0 | D        | Reached XP level 1. HP: 19/19 MP: 1/1
     3 | D        | Found a blossoming altar of Fedhas.
     4 | D        | Found the +6 Majin-Bo {vamp, Archmagi MP+6 Int+6}
     4 | D        | Found the +7 great mace "Firestarter" {inner flame, rF++}
     5 | D        | Found a viscous altar of Jiyva.
     5 | D        | Found a hazy altar of Hepliaklqana.
     5 | D        | Found a transporter.
     5 | D        | Found an opulent altar of Gozag.
     5 | D        | Found an ancient bone altar of Kikubaaqudgha.
     5 | D        | Found a corrupted altar of Lugonu.
    60 | D        | Found a burning altar of Makhleb.
    61 | D        | Found a sacrificial altar of Ru.
    61 | D        | Found a stormy altar of Qazlal.
    61 | D        | Found a shimmering blue altar of Sif Muna.
    61 | D        | Found an iron altar of Okawaru.
    61 | D        | Found a bloodstained altar of Trog.
    61 | D        | Found a sparkling altar of Nemelex Xobeh.
    79 | D        | Found the +9 heavy crossbow "Sniper" {velocity, Acc+∞ SInv}
    79 | D        | Found the +10 dark maul {crush}
    79 | D        | Found the +15 Maxwell's patent armour {-Cast -Tele rElec
                  | MR+ rCorr}
    79 | D        | Found the +18 shield of the Gong {rElec rN+ MR+ EV-5}
    79 | D        | Found the cursed +14 obsidian axe {chop, +Fly SInv *Curse}
    80 | D        | Found the +6 shillelagh "Devastator" {shatter}
    80 | D        | Found the +11 plutonium sword {*Contam Stlth-}
    80 | D        | Found the +8 lance "Wyrmbane" {slay drac, rPois rF+ rC+
                  | AC+3}
    80 | D        | Found the +9 sword of Zonguldrok {reap}
    80 | D        | Found the cursed +13 scythe of Curses {drain, *Curse}
    80 | D        | Found the +0 sword of Power
    80 | D        | Found the +7 mace of Variability {chain chaos}
    80 | D        | Found the +7 Singing Sword {slice, sonic wave}
    80 | D        | Found the +8 storm bow {elec, penet}
    94 | D        | Became a worshipper of the Shining One
   100 | D        | Reached skill level 10 in Axes
   100 | D        | Reached XP level 2. HP: 26/26 MP: 2/2
   110 | D        | Entered arena 2.
   110 | D        | Noticed an eye of draining
   110 | D        | Found a transporter.
   112 | D        | Reached XP level 3. HP: 33/33 MP: 2/4
   118 | D        | Killed an eye of draining
   118 | D        | Reached skill level 5 in Fighting
   118 | D        | Reached skill level 11 in Axes
   118 | D        | Reached skill level 5 in Armour
   118 | D        | Reached skill level 5 in Shields
   118 | D        | Reached XP level 4. HP: 42/42 MP: 0/7
   118 | D        | Reached XP level 5. HP: 48/48 MP: 0/8
   157 | D        | Entered arena 3.
   157 | D        | Reached * piety under the Shining One
   157 | D        | Found a transporter.
   170 | D        | Entered arena 4.
   170 | D        | Noticed a brown ugly thing
   170 | D        | Noticed a red ugly thing
   170 | D        | Noticed a naga
   170 | D        | Found a transporter.
   175 | D        | Reached skill level 5 in Invocations
   178 | D        | Killed a naga
   178 | D        | Reached XP level 6. HP: 59/60 MP: 7/10
   181 | D        | Killed a brown ugly thing
   181 | D        | Reached skill level 12 in Axes
   181 | D        | Reached XP level 7. HP: 44/69 MP: 7/13
   185 | D        | Killed a brown ugly thing
   185 | D        | Reached skill level 13 in Axes
   185 | D        | Reached XP level 8. HP: 30/78 MP: 8/15
   402 | D        | Entered arena 5.
   402 | D        | Reached ** piety under the Shining One
   402 | D        | Noticed an ice devil
   402 | D        | Reached *** piety under the Shining One
   402 | D        | Found a transporter.
   412 | D        | Killed an ice devil
   412 | D        | Reached **** piety under the Shining One
   412 | D        | Reached skill level 10 in Fighting
   412 | D        | Reached skill level 10 in Invocations
   713 | D        | Entered arena 6.
   713 | D        | Found a transporter.
   729 | D        | Entered arena 7.
   729 | D        | Noticed a merfolk
   729 | D        | Reached ***** piety under the Shining One
   729 | D        | Noticed a merfolk
   730 | D        | Found the +3 giant club "Skullcrusher" {speed, Str+7}
   733 | D        | Found a transporter.
   736 | D        | Reached skill level 14 in Axes
   738 | D        | Reached XP level 9. HP: 44/86 MP: 16/16
   739 | D        | Killed a merfolk
   740 | D        | Reached skill level 10 in Armour
   740 | D        | Reached skill level 10 in Shields
   745 | D        | Killed a merfolk
  1035 | D        | Entered arena 8.
  1035 | D        | Noticed a spriggan rider
  1035 | D        | Noticed a spriggan rider
  1037 | D        | Found a transporter.
  1041 | D        | Killed a spriggan rider
  1041 | D        | Killed a hornet
  1041 | D        | Reached skill level 15 in Axes
  1043 | D        | Reached XP level 10. HP: 32/97 MP: 17/19
  1051 | D        | Killed a spriggan rider
  1390 | D        | Entered arena 9.
  1391 | D        | Found a transporter.
  1394 | D        | Reached ****** piety under the Shining One
  1410 | D        | Entered arena 10.
  1410 | D        | Noticed a +1 long sword of holy wrath
  1410 | D        | Noticed a deep elf demonologist
  1410 | D        | Noticed a deep elf mage
  1410 | D        | Noticed a deep elf death mage
  1411 | D        | Noticed a blizzard demon
  1411 | D        | Found a transporter.
  1417 | D        | Killed a deep elf death mage
  1417 | D        | Reached skill level 16 in Axes
  1418 | D        | Noticed an orange demon
  1419 | D        | Killed a deep elf demonologist
  1419 | D        | Killed a +1 long sword of holy wrath
  1419 | D        | Reached XP level 11. HP: 67/108 MP: 21/21
  1421 | D        | Killed a deep elf mage
  1594 | D        | Entered arena 11.
  1595 | D        | Found a transporter.
  1599 | D        | Reached skill level 17 in Axes
  1735 | D        | Entered arena 12.
  1735 | D        | Noticed an infernal blood saint
  1735 | D        | Noticed a green death
  1735 | D        | Noticed Atunix the pandemonium lord
  1735 | D        | Noticed Pogesaoti the pandemonium lord
  1736 | D        | Identified a +7 trishula of holy wrath (a +5 demon trident
                  | blessed by the Shining One)
  1736 | D        | Received a gift from the Shining One
  1737 | D        | Identified the amulet of Ocap Xou {Spirit *Drain rPois
                  | Dex+2}
  1737 | D        | Noticed a gelid demonspawn
  1737 | D        | Noticed a torturous blood saint
  1737 | D        | Noticed Ranwesirye the pandemonium lord
  1739 | D        | Found a transporter.
  1742 | D        | HP: 5/110 [infernal blood saint/cursed -1 dagger (11)]
  1742 | D        | Demolished by an infernal blood saint

Levels and vault maps discovered:
D:        sprint_v [room_start, room_1, room_2, room_3, room_4, room_5, room_6,
          room_7, room_8, room_9, room_10, room_11, room_12, room_13, room_14,
          room_15, room_16, room_17, room_18, room_19, room_20, room_21,
          room_22, room_23, room_24, room_25, room_26, room_27]

Skill      XL: |  1  2  3  4  5  6  7  8  9 10 11 |
---------------+----------------------------------+-----
Axes           | 10 11 12 13 14 15 16 17 | 17.5
Fighting       | 4 5 7 8 9 10 11 13 14 | 14.2
Invocations    | 2 4 6 8 9 10 12 14 | 14.9
Armour         | 5 6 8 9 11 12 13 | 13.2
Shields        | 5 6 8 9 11 12 13 | 13.2

Action                   |  1- 3 |  4- 6 |  7- 9 | 10-12 || total
-------------------------+-------+-------+-------+-------++-------
Melee: Broad axe         |     6 |     9 |    35 |    42 ||    92
Invok: Cleansing Flame   |       |       |       |     1 ||     1
       Brand Weapon With |       |       |       |     1 ||     1
  Use: Potion            |     1 |       |     2 |     1 ||     4
  Eat: Chunk             |       |       |       |     3 ||     3
Armor: Scale mail        |       |     8 |     3 |       ||    11
       Chain mail        |       |       |    20 |    18 ||    38
Dodge: Dodged            |       |     4 |    22 |    14 ||    40
Block: Shield            |       |     2 |    40 |    35 ||    77

Table legend:
 A = Non-vault XP
 B = Vault XP
 C = Vault XP percentage of total XP
 D = Non-vault monster count
 E = Vault monster count
 F = Vault count percentage of total count
                 A         B        C        D         E       F
            +---------+---------+-------+---------+---------+-------
      Total |     558 |   12089 |  95.6 |       2 |      55 |  96.5
            +---------+---------+-------+---------+---------+-------
          D |     558 |   12089 |  95.6 |       2 |      55 |  96.5
            +---------+---------+-------+---------+---------+-------
